 Dungeon Crawl Stone Soup version 0.29.1-1-gd02db6906a (webtiles) character file.

Game seed: 11908165302551266541

51 gzilladon the Chopper (level 3, -1/34 HPs)
             Began as a Hill Orc Monk on Sept 26, 2022.
             Slain by Natasha (7 damage)
             ... on level 3 of the Dungeon.
             The game lasted 00:01:51 (727 turns).

gzilladon the Chopper (Hill Orc Monk)                Turns: 727, Time: 00:01:51

Health: -1/34      AC:  5    Str: 15    XL:     3   Next: 83%
Magic:  3/3        EV: 11    Int: 10    God:
Gold:   41         SH:  0    Dex: 13    Spells: 2/2 levels left

rFire   . . .      SeeInvis .   a - +0 hand axe
rCold   . . .      Faith    .   (no shield)
rNeg    . . .      Spirit   .   h - +0 ring mail
rPois   .          Reflect  .   (no helmet)
rElec   .          Harm     .   (no cloak)
rCorr   .          Rampage  .   (no gloves)
Will    .....                   (no boots)
Stlth   +.........              (no amulet)
HPRegen 0.11/turn               (no ring)
MPRegen 0.08/turn               (no ring)

@: no status effects
A: no striking features
a: no special abilities


You were on level 3 of the Dungeon.
You visited 1 branch of the dungeon, and saw 3 of its levels.

You collected 41 gold pieces.

Inventory:

Hand Weapons
 a - a +0 hand axe (weapon)
Missiles
 e - 11 poisoned darts (quivered)
 g - 12 stones
Armour
 b - a +0 robe
 h - a +0 ring mail (worn)
Potions
 c - a potion of ambrosia
 d - a potion of mutation {unknown}
 f - a potion of degeneration {unknown}


   Skills:
 * Level 4.7 Fighting
 + Level 4.7 Axes
 + Level 2.7 Dodging
 - Level 1.5 Stealth


You had 2 spell levels left.
You didn't know any spells.
Your spell library was empty.

Dungeon Overview and Level Annotations

Branches:
Dungeon (3/15)

Altars:

Annotations:
D:3 Natasha


Message History

You hit Natasha.
Natasha is lightly wounded.
You hit the crimson imp but do no damage.
Natasha claws you.
The crimson imp hits you but does no damage.
You hit Natasha.
Natasha is moderately wounded.
You hit the crimson imp. Natasha claws you. The crimson imp closely misses you.
You closely miss Natasha.
Natasha is moderately wounded.
You barely miss the crimson imp. Natasha claws you.
The crimson imp barely misses you.
You closely miss Natasha.
Natasha is moderately wounded.
You closely miss the crimson imp. Natasha casts a spell at you.
You resist with significant effort. The crimson imp misses you.
You hit Natasha but do no damage.
Natasha is moderately wounded.
You hit the crimson imp but do no damage.
Natasha claws you but does no damage.
The crimson imp hits you but does no damage.
You hit Natasha.
Natasha is heavily wounded.
You closely miss the crimson imp. Natasha claws you but does no damage.
The crimson imp blinks!
You hit Natasha.
Natasha is severely wounded.
Natasha mumbles some strange words.
You barely miss Natasha.
Natasha is severely wounded.
Natasha claws you!
* * * LOW HITPOINT WARNING * * *
Natasha barely misses you.
You hit Natasha.
Natasha is almost dead.
You hit the crimson imp but do no damage.
The crimson imp laughs crazily.
The crimson imp barely misses you. Natasha claws you!
You die...

#### #.# # # .#...##.#
#.#
...#..#.####.########
.#...#..##..........#
.........#.# #......####
##.........# #..†.......
.....5.5...###......####
#.h@....[.......#
#.....###.#.#.###
#..?....# #...#.#
###..##.# #.###.# #..
##...## #.# #.$ #.# #.#
##. #.# ..# .# # # ##
#####


You could see Natasha and 2 crimson imps.

Vanquished Creatures
  Natasha (D:3)
  An adder (D:2)
  A worm (D:3)
  A dart slug (D:3)
  2 giant cockroaches (D:3)
  A goblin (D:2)
  A hobgoblin (D:3)
  3 bats (D:3)
  2 kobolds (D:3)
  2 rats (D:3)
15 creatures vanquished.

Notes
Turn   | Place    | Note
-------+----------+-------------------------------------------
     0 | D:1      | gzilladon the Hill Orc Monk began the quest for the Orb.
     0 | D:1      | Reached XP level 1. HP: 19/19 MP: 1/1
    59 | D:2      | Reached XP level 2. HP: 25/27 MP: 2/2
    92 | D:3      | Noticed Natasha
   100 | D:3      | Killed Natasha
   101 | D:3      | Reached XP level 3. HP: 17/34 MP: 3/3
   714 | D:3      | Noticed Natasha
   727 | D:3      | Slain by Natasha

Illustrated notes

Levels and vault maps discovered:
D:1:      dreamdust_arrival_sigmund_warning, layout_loops_ring,
          hellmonk_ecumenical_altar_blasted
D:2:      layout_basic, nicolae_elevator_lobby_asterisk
D:3:      layout_loops_ring, uniq_jessica, uniq_natasha

Skill      XL: |  1 |
---------------+----+-----
Fighting       | 4 |  4.7
Axes           | |  4.7
Dodging        | |  2.7
Stealth        | |  1.5

Action                   || total
-------------------------++-------
Melee: Hand axe          ||    56
       Punch             ||     1
 Stab: Sleeping          ||     2
Armor: Robe              ||    11
       Ring mail         ||     7
Dodge: Dodged            ||    40
